 Dungeon Crawl Stone Soup version 0.25.1-8-g42b30a86e7 (webtiles) character file.

Game seed: 17114062454066961953

1914 pokeman the Thaumaturge (level 8, 0/44 HPs)
             Began as a Deep Elf Wizard on Dec 17, 2020.
             Was an Initiate of Vehumet.
             Killed from afar by an orc wizard (5 damage)
             ... with a magic dart
             ... on level 6 of the Dungeon.
             The game lasted 00:19:21 (6933 turns).

pokeman the Thaumaturge (Deep Elf Wizard)           Turns: 6933, Time: 00:19:22

Health: 0/44       AC:  6    Str:  4    XL:     8   Next: 95%
Magic:  21/24      EV: 12    Int: 26    God:    Vehumet [......]
Gold:   241        SH:  0    Dex: 13    Spells: 17/28 levels left

rFire    . . .     SeeInvis .   c - +1 long sword (distort)
rCold    . . .     Gourm    .   (no shield)
rNeg     + . .     Faith    .   C - +0 leather armour
rPois    .         Spirit   .   b - +0 hat
rElec    .         Reflect  .   k - +2 cloak
rCorr    .         Harm     .   (no gloves)
MR       .....     Rnd*Tele +   (no boots)
Stlth    ++........             l - amulet of the acrobat
HPRegen  0.14/turn              q - ring of teleportation (curse)
MPRegen  0.19/turn              H - ring of positive energy

@: no status effects
A: no striking features
a: Renounce Religion


You were on level 6 of the Dungeon.
You worshipped Vehumet.
Vehumet was noncommittal.
You were not hungry.

You visited 2 branches of the dungeon, and saw 7 of its levels.

You collected 241 gold pieces.

Inventory:

Hand Weapons
 c - a +1 long sword of distortion (weapon)
 D - a +0 shortbow
Missiles
 E - 74 arrows
 G - 19 bolts
Armour
 a - a +0 robe
 b - a +0 hat (worn)
 k - a +2 cloak (worn)
 y - a +2 buckler of positive energy
 C - a +0 leather armour (worn)
Magical Staves
 z - an uncursed staff of air {unknown}
 B - an uncursed staff of air {unknown}
Jewellery
 l - an amulet of the acrobat (around neck)
 q - a cursed ring of teleportation (left hand)
 H - a ring of positive energy (right hand)
Wands
 e - a wand of flame (11)
 A - a wand of clouds (9)
Scrolls
 h - 4 scrolls of identify
 j - 3 scrolls of amnesia
 m - 2 scrolls of teleportation
 o - 2 scrolls of magic mapping {unknown}
 p - 4 scrolls of blinking {unknown}
 s - a scroll of fear {unknown}
 t - a scroll of enchant armour {unknown}
 v - 2 scrolls of enchant weapon {unknown}
 x - 3 scrolls of remove curse {unknown}
 F - a scroll of immolation {unknown}
Potions
 f - 4 potions of curing
 g - 2 potions of might {unknown}
 i - a potion of ambrosia {unknown}
 n - 2 potions of flight {unknown}
 r - a potion of resistance {unknown}
 u - 3 potions of cancellation {unknown}
 w - a potion of haste {unknown}
 I - a potion of magic {unknown}
 J - a potion of mutation {unknown}
Comestibles
 d - 16 rations
 K - 2 chunks of flesh


   Skills:
 - Level 2.0 Fighting
 - Level 2.1 Armour
 - Level 3.0 Dodging
 - Level 3.0 Stealth
 + Level 1.9 Shields
 * Level 10.5 Spellcasting
 + Level 5.6 Conjurations
 - Level 1.1 Summonings
 - Level 1.1 Translocations
 + Level 4.4 Fire Magic
 - Level 1.0 Air Magic
 - Level 1.5 Poison Magic
 - Level 1.1 Evocations


You had 17 spell levels left.
You knew the following spells:

 Your Spells              Type           Power        Failure   Level  Hunger
a - Magic Dart            Conj           ####         1%          1    None
b - Mephitic Cloud        Conj/Pois/Air  ####....     8%          3    None
c - Call Imp              Summ           ###.....     8%          2    None
d - Blink                 Tloc           N/A          8%          2    None
e - Conjure Flame         Conj/Fire      #####...     2%          3    None

Your spell library contained the following spells:

 Spells                   Type           Power        Failure   Level  Hunger
 Slow                     Hex            ##......     12%         2    None


Dungeon Overview and Level Annotations

Branches:
Dungeon (6/15)             Temple (1/1) D:4

Altars:
Ashenzari
Cheibriados
Dithmenos
Elyvilon
Fedhas
Gozag
Hepliaklqana
Kikubaaqudgha
Makhleb
Nemelex Xobeh
Okawaru
Qazlal
Ru
Sif Muna
Trog
Uskayaw
Vehumet
Wu Jian
Xom
Yredelemnul
Zin
The Shining One

Shops:
D:6 *(*


Message History

The orc wizard hits you but does no damage.
You hit the orc wizard but do no damage.
Space bends around the orc wizard.
The orc wizard is severely wounded.
The orc wizard casts a spell at you. The magic dart hits you!
* * * LOW HITPOINT WARNING * * *
You miss the orc wizard.
The orc wizard is severely wounded.
The orc wizard hits you with a +0 hand axe.
* * * LOW HITPOINT WARNING * * *
The orc wizard gestures at you while chanting.
The magic dart hits you.
* * * LOW HITPOINT WARNING * * *
Casting: Magic Dart (safe; 1% risk of failure)
Confirm with . or Enter, or press ? or * to list all spells.
You blink.
The orc wizard gestures at you while chanting.
The magic dart hits you.
You die...

#...........# ##
#.#........## #.
##.##.....### #.
#..######## #. #.. ##
#.# # ##§####### . #
##### #.o.......
....### #...####
###@.....).. .......
##.....####..#####....
.....∩# ##...........#
... .....
##...#.......# .. ....
#.............# . .#.
#..#._.#......# ..
#..............# .
#÷...#.........#
#..............#


You could see an orc wizard.

Vanquished Creatures
  2 phantoms
  2 orc warriors (D:6)
  A sky beast (D:6)
  An ogre (D:4)
  3 centaurs
  A scorpion (D:6)
  3 crimson imps (D:5)
  A centaur skeleton (D:6)
  3 orc wizards
  4 orc priests
  6 hounds
  4 iguanas
  3 worker ants
  A killer bee zombie (D:6)
  2 hound skeletons (D:4)
  A worker ant zombie (D:5)
  5 adders
  2 adder skeletons
  A dart slug (D:4)
  4 leopard geckos
  22 orcs
  2 giant cockroaches
  11 goblins
  9 hobgoblins
  4 jackals (D:5)
  5 quokkas
  2 ball pythons
  9 bats
  5 frilled lizards
  6 kobolds
  A quokka zombie (D:5)
  10 rats
136 creatures vanquished.

Vanquished Creatures (others)
  A phantom (D:6)
  An orc warrior (D:6)
  A crimson imp (D:6)
  An orc wizard (D:4)
4 creatures vanquished.

Grand Total: 140 creatures vanquished

Notes
Turn   | Place    | Note
-------+----------+-------------------------------------------
     0 | D:1      | pokeman the Deep Elf Wizard began the quest for the Orb.
     0 | D:1      | Reached XP level 1. HP: 10/10 MP: 7/7
   248 | D:1      | Reached XP level 2. HP: 16/16 MP: 7/9
   576 | D:1      | Found a shattered altar of Ashenzari.
   637 | D:1      | Reached skill level 5 in Spellcasting
   767 | D:1      | Reached XP level 3. HP: 20/20 MP: 6/11
   773 | D:1      | Learned a level 3 spell: Mephitic Cloud
   776 | D:1      | Learned a level 2 spell: Call Imp
   779 | D:1      | Learned a level 2 spell: Blink
   783 | D:1      | Learned a level 3 spell: Conjure Flame
  1350 | D:2      | Reached skill level 1 in Armour
  1644 | D:2      | Reached skill level 1 in Fighting
  2081 | D:3      | Reached XP level 4. HP: 25/25 MP: 8/13
  2657 | D:4      | Reached skill level 1 in Fire Magic
  2663 | D:4      | Reached skill level 6 in Spellcasting
  2663 | D:4      | Reached XP level 5. HP: 23/29 MP: 1/15
  2958 | D:4      | Reached skill level 1 in Air Magic
  3075 | D:4      | Noticed an ogre
  3084 | D:4      | Killed an ogre
  3084 | D:4      | Reached skill level 1 in Shields
  3084 | D:4      | Reached XP level 6. HP: 15/34 MP: 7/17
  3249 | D:4      | Reached skill level 7 in Spellcasting
  3249 | D:4      | Reached skill level 1 in Poison Magic
  3320 | D:4      | Found a staircase to the Ecumenical Temple.
  3347 | Temple   | Entered the Ecumenical Temple
  3657 | D:4      | Reached skill level 1 in Evocations
  3885 | D:4      | Reached XP level 7. HP: 38/38 MP: 11/20
  4475 | D:5      | Entered Level 5 of the Dungeon
  4558 | D:5      | Reached skill level 8 in Spellcasting
  5669 | D:6      | Found Rihid's Assorted Antiques.
  5702 | D:6      | Reached skill level 9 in Spellcasting
  5702 | D:6      | Reached XP level 8. HP: 31/44 MP: 5/23
  5986 | D:6      | Reached skill level 5 in Conjurations
  6321 | D:6      | Found Zaelokh's Antique Weapon Shoppe.
  6414 | D:6      | Reached skill level 10 in Spellcasting
  6822 | D:6      | Found Puyvel's Assorted Antiques.
  6824 | D:6      | Found a radiant altar of Vehumet.
  6845 | D:6      | Became a worshipper of Vehumet
  6933 | D:6      | Killed from afar by an orc wizard

Illustrated notes

Levels and vault maps discovered:
D:1:      scummos_arrival_simple_crosswalls, layout_rooms, ashenzari_altar_1
D:2:      layout_basic, minmay_vboxes
D:3:      layout_loops_cross
D:4:      layout_cave_pools, minmay_temple_entry_grid, first_ration
D:5:      layout_loops_ring
D:6:      layout_cave_pods, vehumet_altar_wand_db, serial_shops, shop,
          nicolae_shop_stone, nicolae_shop_competitors_out_of_business,
          st_stairs_13, kennysheep_generic_room_10
Temple:   regret_index_temple_sigil_plot

Skill      XL: |  1  2  3  4  5  6  7  8 |
---------------+-------------------------+-----
Spellcasting   | 5 6 7 9 10 | 10.5
Armour         | 1 2 |  2.1
Fighting       | 1 2 |  2.0
Conjurations   | 2 3 4 5 |  5.6
Fire Magic     | 1 3 4 |  4.4
Dodging        | 3 |  3.0
Air Magic      | 1 |  1.0
Shields        | 1 |  1.9
Poison Magic   | 1 |  1.5
Evocations     | 1 |  1.1
Stealth        | 3 |  3.0
Summonings     | |  1.1
Translocations | |  1.1

Action                   |  1- 3 |  4- 6 |  7- 9 || total
-------------------------+-------+-------+-------++-------
Melee: Dagger            |     7 |       |       ||     7
       Long sword        |       |       |    65 ||    65
 Cast: Magic Dart        |    99 |   111 |   155 ||   365
       Mephitic Cloud    |       |     2 |    11 ||    13
       Blink             |       |     1 |     3 ||     4
       Conjure Flame     |       |       |     3 ||     3
  Use: Scroll            |       |       |     4 ||     4
 Stab: Confused          |       |       |     4 ||     4
  Eat: Chunk             |     3 |     6 |     6 ||    15
       Ration            |       |       |     1 ||     1
Armor: Robe              |     2 |     6 |     1 ||     9
       Leather armour    |       |       |    28 ||    28
Dodge: Dodged            |    12 |    37 |    83 ||   132
       Rpst.: Long sword |       |       |    18 ||    18
